 Dungeon Sprint DCSS version 0.30.1-9-gdf580d7c3d (webtiles) character file.

Game seed: 4407988715015341592

99 Heoruswealwe the Poker (level 4, -3/45 HPs)
             Began as a Minotaur Fighter on Sept 26, 2023.
             Was an Initiate of Gozag.
             Killed from afar by an acid dragon (26 damage)
             ... with a splash of acid
             ... in the Dungeon (Sprint IX: "|||||||||||||||||||||||||||||").
             The game lasted 00:01:41 (105 turns).

Heoruswealwe the Poker (Minotaur Fighter)            Turns: 105, Time: 00:01:42

Health: -3/45      AC:  7    Str: 22    XL:     4   Next: 45%
Magic:  3/3        EV:  9    Int:  5    God:    Gozag
Gold:   0          SH:  4    Dex: 10    Spells: 3/3 levels left

rFire   . . .        a - +0 trident
rCold   . . .        d - +0 buckler
rNeg    . . .        c - +0 scale mail
rPois   .            (helmet restricted)
rElec   .            (no cloak)
rCorr   .            (no gloves)
SInv    .            (no boots)
Will    .....        (no amulet) Stlth
                     (no ring)
HPRegen 0.27/turn    (no ring)
MPRegen 0.08/turn

%: no teleportation
@: no status effects
A: horns 2, retaliatory headbutt
a: Renounce Religion, Potion Petition, Call Merchant, Bribe Branch


You were in the Dungeon.
You worshipped Gozag.
Gozag was noncommittal.
You visited 1 branch

Inventory:

Hand Weapons
 a - a +0 trident (weapon)
Armour
 c - a +0 scale mail (worn)
 d - a +0 buckler (worn)
Jewellery
 m - a +3 ring of intelligence
 n - a +3 ring of dexterity
Wands
 l - a wand of iceblast (10)
Scrolls
 j - 2 scrolls of blinking
 k - 2 scrolls of amnesia
Potions
 b - a potion of might
 e - 5 potions of curing
 f - 3 potions of heal wounds
 g - a potion of haste
 h - a potion of invisibility
 i - a potion of berserk rage


   Skills:
 + Level 6.4 Fighting
 * Level 7.9 Polearms
 + Level 6.4 Armour
 - Level 3.6 Shields


You had 3 spell levels left.
You didn't know any spells.
Your spell library was empty.

Dungeon Overview and Level Annotations

Branches:
Dungeon (1/1)

Altars:
Cheibriados
Dithmenos
Elyvilon
Fedhas
Gozag
Hepliaklqana
Kikubaaqudgha
Makhleb
Nemelex Xobeh
Okawaru
Qazlal
Ru
Sif Muna
Trog
Uskayaw
Vehumet
Wu Jian
Xom
Yredelemnul
Zin
The Shining One
Jiyva
Lugonu


Innate Abilities, Weirdness & Mutations

You have a pair of horns on your head.
You reflexively headbutt those who attack you in melee.


Message History

There is a shimmering altar of Xom here.
There is a basalt altar of Yredelemnul here.
There is a glowing silver altar of Zin here.
There is a glowing golden altar of the Shining One here.
You open the door.
Found five items.
Found a +1 chain mail.
There is an open door here.
Found a +3 ring of intelligence.
h - a potion of invisibility;
f - 3 potions of heal wounds (gained 2)
e - 5 potions of curing (gained 4)
You see here 2 potions of magic.
Found a +3 ring of dexterity.
k - 2 scrolls of amnesia;
j - 2 scrolls of blinking (gained 1)
l - a wand of iceblast (10)
Items here: )))))).
Okay, then.
You see here a +0 helmet.
You see here a +0 pair of gloves.
You see here a +1 chain mail.
m - a +3 ring of intelligence
n - a +3 ring of dexterity You open the door.
An acid dragon, an orc priest, a troll, a kobold brigand and 2 killer bees come into view.
The kobold brigand is wielding a +0 dagger and quivering poisoned darts.
The acid dragon roars!
The troll shouts!
The killer bee buzzes angrily.
The kobold brigand shouts!
The killer bee buzzes angrily.
You barely miss the acid dragon. The acid dragon spits acid at you.
You block the splash of acid.
You hit the acid dragon but do no damage.
Your headbutt misses the acid dragon. The acid dragon closely misses you.
The acid dragon claws you but does no damage.
You puncture the acid dragon!
The acid dragon is heavily wounded.
The acid dragon spits acid at you. The splash of acid hits you!!
Ouch! That really hurt!
You die...
Your body crumbles into a pile of gold.

$
▓!▓
$
▓.▓
$
▓)▓
$
▓.▓
▓[▓
$
▓[▓
▓[▓
$
▓.▓
▓@▓
$
▓D▓
$
▓o▓
$
▓T▓
$
▓y▓
$ $
▓K▓
$
▓y▓
$
▓.▓


You could see a troll, an acid dragon (catching breath), a kobold brigand, 2
killer bees and an orc priest.

Vanquished Creatures
  An orc priest (D)
  An iguana (D)
  An orc wizard (D)
  An adder (D)
  A dart slug (D)
  An orc (D)
  A goblin (D)
  A hobgoblin (D)
  A kobold (D)
  A ball python (D)
10 creatures vanquished.

Notes
Turn   | Place    | Note
-------+----------+-------------------------------------------
     0 | D        | Heoruswealwe the Minotaur Fighter began the quest for the
                  | Orb.
     0 | D        | Reached XP level 1. HP: 19/19 MP: 0/0
     6 | D        | Reached skill level 3 in Polearms
    14 | D        | Reached skill level 4 in Polearms
    23 | D        | Noticed an orc priest
    23 | D        | Noticed an iguana
    23 | D        | Noticed an orc wizard
    25 | D        | Killed an orc priest
    26 | D        | Reached skill level 5 in Fighting
    26 | D        | Reached skill level 5 in Polearms
    26 | D        | Reached skill level 5 in Armour
    26 | D        | Reached XP level 2. HP: 29/29 MP: 1/1
    26 | D        | Reached XP level 3. HP: 36/36 MP: 2/2
    30 | D        | Reached skill level 6 in Polearms
    40 | D        | Reached skill level 7 in Polearms
    40 | D        | Reached XP level 4. HP: 15/44 MP: 3/3
    57 | D        | Found a snail-covered altar of Cheibriados.
    57 | D        | Found a shadowy altar of Dithmenos.
    57 | D        | Found a white marble altar of Elyvilon.
    57 | D        | Found a blossoming altar of Fedhas.
    57 | D        | Found an opulent altar of Gozag.
    58 | D        | Found a hazy altar of Hepliaklqana.
    59 | D        | Found a viscous altar of Jiyva.
    60 | D        | Found an ancient bone altar of Kikubaaqudgha.
    61 | D        | Found a corrupted altar of Lugonu.
    62 | D        | Found a burning altar of Makhleb.
    63 | D        | Found a sparkling altar of Nemelex Xobeh.
    64 | D        | Found an iron altar of Okawaru.
    65 | D        | Found a stormy altar of Qazlal.
    67 | D        | Became a worshipper of Gozag Ym Sagoz the Greedy
    69 | D        | Found a sacrificial altar of Ru.
    70 | D        | Found a shimmering blue altar of Sif Muna.
    71 | D        | Found a bloodstained altar of Trog.
    72 | D        | Found a hide-covered altar of Uskayaw.
    73 | D        | Found a radiant altar of Vehumet.
    74 | D        | Found an ornate altar of the Wu Jian Council.
    75 | D        | Found a shimmering altar of Xom.
    76 | D        | Found a basalt altar of Yredelemnul.
    77 | D        | Found a glowing silver altar of Zin.
    78 | D        | Found a glowing golden altar of the Shining One.
   102 | D        | Noticed an acid dragon
   102 | D        | Noticed a troll
   102 | D        | Noticed a kobold brigand
   105 | D        | Killed from afar by an acid dragon

Illustrated notes

Levels and vault maps discovered:
D:        linesprint [early_d, line_temple, items_1, d_10, items_2, lair_1,
          lair_end, items_3, orc_1, orc_end, items_4, d_15, swamp_1, shoals_1,
          snake_1, spider_1, d_20, vaults_1, items_5, swamp_end, shoals_end,
          snake_end, spider_end, vaults_end, d_27, items_6, zot_1, zot_end,
          crypt_end, forest_end, elf_end, slime_end, tomb_end, abyss_end,
          pan_hell_end]

Skill      XL: |  1  2  3 |
---------------+----------+-----
Polearms       | 5 7 |  7.9
Fighting       | 5 6 |  6.4
Armour         | 5 6 |  6.4
Shields        | |  3.6

Action                     |  1- 3 |  4- 6 || total
---------------------------+-------+-------++-------
  Melee: Trident           |    24 |     9 ||    33
         Headbutt          |     5 |     1 ||     6
 Armour: Scale mail        |     9 |     6 ||    15
  Dodge: Dodged            |     4 |     2 ||     6
  Block: Buckler           |     2 |     1 ||     3
